Zazza, neutral female gnomish Healer ------------ ---- |.......>..|# ---------- |... |..........|# --------- |)))).)))| |... dd |`.........|## #........| |..).))))| |.d.. f ----.-------# |......%| |...)....| |....ddd@Gd`############### |........###### -|-------- |... d # # ---.----- # ----- ## - -- d # # ## ###|....# # d # # # #-...|# ### # # # ### |...|# # ### -.-----|--- # # |...|# # # |.........| # ### |...|# # ###|.........| # -.---- -----######### #..........| ###|....+ --.-.-- |.........| #.....| ......| ----------- |....| |.....| ------ .....<| ------- Zazza the Empiric Experience level: 3 Strength: 10 Dexterity: 7 Constitution: 16 Intelligence: 13 Wisdom: 15 Charisma: 17 Health: 0(40) Energy: 22(22) Def: 20 Gold: 564 Moves: 9228 Dungeon seed: WoWVjwikxi740_fe Game ID: Zazza_1621697391 Your Inventory: Coins $ - 564 gold pieces Amulets O - an uncursed amulet of ESP (being worn) Weapons l - 2 +0 spears o - 11 +0 ya Armor e - an uncursed +1 pair of leather gloves (being worn) q - a blessed +2 orcish helm (being worn) r - a blessed +0 pair of gauntlets of power N - an uncursed +0 elven mithril-coat (being worn) X - an uncursed +0 mummy wrapping Y - a blessed +1 dwarvish cloak (being worn) Comestibles i - an uncursed orange j - 2 uncursed cram rations z - 2 uncursed sprigs of wolfsbane A - 6 uncursed apples P - an uncursed food ration Spellbooks C - an uncursed spellbook of wizard lock Potions f - 2 uncursed potions of extra healing Z - a potion of holy water Rings m - an uncursed ring of polymorph control (on left hand) u - an uncursed ring of poison resistance Wands g - a wand of sleep (0:5) p - a wand of make invisible (0:3) y - a wand of speed monster (0:3) K - a wand of secret door detection (0:11) Tools b - an uncursed stethoscope d - an expensive camera (0:86) k - an uncursed skeleton key w - an uncursed magic whistle G - an uncursed credit card R - a bag of tricks (0:14) V - an uncursed oil lamp (0:0) Gems n - an uncursed worthless piece of blue glass Spells and supernatural/magical abilities: Name Level Category Fail Memory a - force bolt 1 attack 97% 93% h - healing 1 healing 74% 54% u - confuse monster 2 enchantment 100% 77% w - wizard lock 2 matter 100% 98% x - extra healing 3 healing 82% 54% S - stone to flesh 3 healing 100% 54% W - pray for help -- divine ? -- Your skills at the end: Fighting Skills Weapon Skills knife [Basic] Spellcasting Skills healing spells [Basic] Final Attributes: You were fervently aligned. You were poison resistant. You were telepathic. You had infravision. You were invisible. You were protected. You had polymorph control. You were fast. You are dead. Vanquished creatures: 3 large mimics 2 small mimics a wolf a brown pudding a dust vortex 2 bugbears 5 shriekers a kobold mummy a gray ooze 3 elf zombies a straw golem 8 giant ants a little dog a floating eye 2 homunculi a kobold lord 3 giant bats 7 dwarf zombies 3 wererats 3 werejackals an iguana an acid blob 2 coyotes 2 gas spores 4 hobbits 6 manes 6 large kobolds 4 hobgoblins 20 giant rats 2 cave spiders a yellow mold 3 green molds a red mold 3 gnomes a garter snake a gnome zombie 7 geckos 18 jackals 4 foxes 6 kobolds 5 goblins 12 sewer rats 15 grid bugs 6 bats 9 lichens 6 kobold zombies 9 newts 205 creatures vanquished. Voluntary challenges: You never hit with a wielded weapon. You were a pacifist. You read items or engraved 9 times, starting on turn 1868. You never genocided any monsters. You never polymorphed an object. You never changed form. You used no wishes. You never split a pudding. You never wrote Elbereth's name. You violated your moral code, losing 1 point of alignment, starting on turn 7832. Dungeon overview: The Dungeons of Doom: levels 1 to 10 Level 1 an altar to Poseidon a long staircase Level 2 (g) stairs to The Gnomish Mines Level 3 an altar to Poseidon, a sink Level 4 a fountain Level 5 a fountain Level 6 a weapon shop, a fountain Level 7 many fountains Level 8 some fountains, a throne stairs to Sokoban Level 9 <- You were here a weapon shop Level 10 (big room) The Gnomish Mines: levels 3 to 5 Level 3 stairs to The Dungeons of Doom Level 4 Level 5 many shops, a temple to Poseidon, some fountains Sokoban: Level 7 stairs to The Dungeons of Doom History has recorded: On T:1 you entered the Dungeons of Doom to retrieve the Amulet of Yendor! On T:405 you reached level 2 of The Dungeons of Doom. On T:464 you reached level 4 of The Dungeons of Doom. On T:498 you reached level 3 of The Dungeons of Doom. On T:1340 you reached level 1 of The Gnomish Mines. On T:1530 you reached level 2 of The Gnomish Mines. On T:1970 you reached level 3 of The Gnomish Mines. On T:3942 you reached level 5 of The Dungeons of Doom. On T:4089 you reached level 6 of The Dungeons of Doom. On T:4500 you reached level 7 of The Dungeons of Doom. On T:4560 you reached level 8 of The Dungeons of Doom. On T:5241 you reached level 4 of Sokoban. On T:5514 you received advice from The Oracle. On T:5514 you advanced to experience level 2. On T:5515 you advanced to experience level 3. On T:8898 you reached level 9 of The Dungeons of Doom. On T:9161 you reached level 10 of The Dungeons of Doom. Score breakdown: Gold: 0 ( 0 points) Experience: 3 levels ( 7878 points) Exploration: 10 levels ( 19.61%) (12727 points) Discoveries: 27 items ( 9.25%) ( 9122 points) Valuables value: (no points given unless you survive) Artifact value: 0 ( 0 points) Variety of kills: 47 monsters ( 12.34%) (10536 points) Turncount: 9228 turns (-2259 points) Survival: died (score multiplied by 80%) Total score: 30403 Latest messages: The sleep ray hits the wolf. (4x) The winter wolf misses. (2x) Armand bites the wolf. You hear some noises. The winter wolf bites! (2x) Armand bites the wolf. The wolf is killed! The winter wolf bites! The winter wolf just misses! Armand misses the wolf. The werewolf reads a scroll labeled XIXAXA XOXAXA XUXAXA! You displace Armand. Armand misses the wolf. The gnome lord bumps right into you! The wolf misses. The wolf bites! (3x) The wolf just misses! The wolf misses. The wolf bites! (2x) The wolf misses. The wolf bites! The blast of frost hits the wolf! The blast of frost hits you! You die... Final status: Goodbye Zazza the Healer, killed by a blast of frost... You died in The Dungeons of Doom on dungeon level 9 with 30403 points, and 564 pieces of gold, after 9228 moves. You were level 3 with a maximum of 40 hit points when you died.